 Dungeon Crawl Stone Soup version 0.31-a0-303-gdc8c9485ea (webtiles) character file.

Game seed: 11793115957590520709

1756436 mdonais the Intangible (level 26, 107/107 HPs)
             Began as an Octopode Shapeshifter on July 17, 2023.
             Was an Initiate of Gozag.
             Escaped with the Orb
             ... and 3 runes!
             The game lasted 03:34:05 (60349 turns).

mdonais the Intangible (Octopode Shapeshifter)     Turns: 60349, Time: 03:34:05

Health: 107/107    AC: 29    Str: 27    XL:     26   Next: 75%
Magic:  49/49      EV: 78    Int: 12    God:    Gozag
Gold:   1510       SH: 44    Dex: 63    Spells: 47/51 levels left

rFire   . . .        b - +3 greatsling "Punk" {acid, rCorr}
rCold   + . .        W - +8 tower shield {AC+3}
rNeg    + . .        (helmet restricted)
rPois   ∞            S - amulet of guardian spirit
rElec   +            R - +6 ring of dexterity
rCorr   +            v - ring "Teadgh" {rPois Str+9 Dex+5 Stlth-}
SInv    .            c - +6 ring of dexterity
Will    ++...        g - +6 ring of dexterity
Stlth   +++          e - ring of the Sybil {Fire Dex+3}
HPRegen 0.37/turn    z - ring "Ywerar" {Ice +Blink Fly Will+ Dex+3}
MPRegen 0.31/turn    i - ring of Nipso {MP+9 Dex+7}
                     J - ring "Vikenlas" {rElec rCorr Str+4 Dex+6}

%: guardian spirit
@: statue-form, flying, studying Evocations, bribing [the Dungeon, the Realm of
Zot], very slow
A: slow and powerful, torment resistance 1, reduced hp, almost no armour,
amphibious, 8 rings, camouflage 1, (gelatinous body 1), (nimble swimmer 1),
tentacles, (iridescent scales 1), clumsy 1, cold resistance 1, robust 1,
evolution 2
0: Orb of Zot
}: 3/15 runes: barnacled, silver, gossamer
a: Begin Untransformation, Renounce Religion, Evoke Blink, Potion Petition, Call
Merchant, Bribe Branch


You escaped.
You worshipped Gozag.
Gozag was most pleased with you.
You were a living statue of rough stone.
You visited 10 branches of the dungeon, and saw 48 of its levels.
You also visited: Trove, Sewer, Gauntlet and Ice Cave.

You collected 27213 gold pieces.
You spent 6187 gold pieces at shops.
You paid 19516 gold pieces to Gozag.

Inventory:

Hand Weapons
 b - the +3 greatsling "Punk" (weapon) {acid, rCorr}
   (You bought it in a shop on level 7 of the Dungeon)

   rCorr:     It protects you from acid and corrosion.
Missiles
 Z - 2 throwing nets {=!f}
Armour
 P - the -2 hat of the Alchemist {rElec rPois rF+ rC+ rN+ Will+ rMut rCorr}
   (You found it on level 4 of the Depths)

   rF:        It protects you from fire.
   rC:        It protects you from cold.
   rElec:     It insulates you from electricity.
   rPois:     It protects you from poison.
   rN:        It protects you from negative energy.
   rCorr:     It protects you from acid and corrosion.
   rMut:      It protects you from mutation.
   Will:      It increases your willpower.
 W - a +8 tower shield of protection (worn)
   (You found it on level 3 of the Vaults)
Jewellery
 c - a +6 ring of dexterity (on tentacle)
   (You found it in a Gauntlet)
 e - the ring of the Sybil (on tentacle) {Fire Dex+3}
   (You found it on level 5 of the Vaults)

   [ring of fire]

   It enhances your fire magic.
   Dex:       It affects your dexterity (+3).
   rF:        It protects you from fire.
   rC:        It makes you vulnerable to cold.
 f - a ring of protection from fire
   (You found it on level 11 of the Dungeon)
 g - a +6 ring of dexterity (on tentacle)
   (You found it on level 3 of the Depths)
 i - the ring of Nipso (on tentacle) {MP+9 Dex+7}
   (You took it off a deep elf sorcerer on level 3 of the Elven Halls)

   [ring of magical power]

   Dex:       It affects your dexterity (+7).
   MP:        It affects your magic capacity (+9).
 v - the ring "Teadgh" (right tentacle) {rPois Str+9 Dex+5 Stlth-}
   (You bought it in a shop on level 1 of the Orcish Mines)

   [ring of poison resistance]

   Str:       It affects your strength (+9).
   Dex:       It affects your dexterity (+5).
   rPois:     It protects you from poison.
   Stlth:     It makes you less stealthy.
 w - the ring of Cowardice {rCorr Int-3 Dex+3 SInv Stlth+}
   (You found it in a Gauntlet)

   [ring of resist corrosion]

   Int:       It affects your intelligence (-3).
   Dex:       It affects your dexterity (+3).
   SInv:      It lets you see invisible.
   rCorr:     It protects you from acid and corrosion.
   Stlth:     It makes you more stealthy.
 z - the ring "Ywerar" (on tentacle) {Ice +Blink Fly Will+ Dex+3}
   (You bought it in a shop on level 2 of the Orcish Mines)

   [ring of ice]

   It enhances your ice magic.
   Dex:       It affects your dexterity (+3).
   rF:        It makes you vulnerable to fire.
   rC:        It protects you from cold.
   Fly:       It grants you flight.
   +Blink:    It lets you blink.
   Will:      It increases your willpower.
 J - the ring "Vikenlas" (on tentacle) {rElec rCorr Str+4 Dex+6}
   (You bought it in a shop on level 1 of the Shoals)

   [ring of dexterity]

   Str:       It affects your strength (+4).
   Dex:       It affects your dexterity (+6).
   rElec:     It insulates you from electricity.
   rCorr:     It protects you from acid and corrosion.
 M - a +4 ring of protection
   (You bought it in a shop on level 2 of the Orcish Mines)
 R - a +6 ring of dexterity (left tentacle)
   (You took it off a deep elf annihilator on level 3 of the Elven Halls)
 S - an amulet of guardian spirit (around mantle)
   (You found it on level 1 of the Spider Nest)
 X - the ring "Jeobop" {Fire rElec Int+3}
   (You found it on level 5 of the Realm of Zot)

   [ring of fire]

   It enhances your fire magic.
   Int:       It affects your intelligence (+3).
   rF:        It protects you from fire.
   rC:        It makes you vulnerable to cold.
   rElec:     It insulates you from electricity.
 Y - the ring of Bycupy {rF+ rC+ SInv}
   (You found it on level 4 of the Shoals)

   [ring of see invisible]

   rF:        It protects you from fire.
   rC:        It protects you from cold.
   SInv:      It lets you see invisible.
Talismans
 j - a beast talisman
 K - a granite talisman
   (You found it on level 1 of the Spider Nest)
Wands
 k - a wand of light (21)
   (You found it on level 3 of the Dungeon)
 D - a wand of digging (8)
   (You found it on level 2 of the Lair of Beasts)
 I - a wand of iceblast (55)
   (You found it on level 6 of the Dungeon)
Scrolls
 n - 7 scrolls of fear
 o - 9 scrolls of fog
 r - 8 scrolls of vulnerability
 s - 4 scrolls of revelation
 t - 3 scrolls of silence
 u - 8 scrolls of summoning
 y - 2 scrolls of brand weapon
 B - 9 scrolls of blinking
 E - 9 scrolls of poison
 T - 18 scrolls of teleportation
 V - 7 scrolls of immolation
Potions
 a - 12 potions of lignification
 d - 10 potions of ambrosia
 h - 4 potions of might
 m - 8 potions of mutation
 p - 7 potions of brilliance
 q - 17 potions of heal wounds
 A - 9 potions of cancellation
 C - 4 potions of berserk rage
 G - 7 potions of enlightenment
 H - 4 potions of haste
 L - 8 potions of invisibility
 N - 3 potions of resistance
 O - 2 potions of magic
 Q - 21 potions of curing
Miscellaneous
 l - a phantom mirror
   (You found it on level 5 of the Lair of Beasts)
 x - a condenser vane
   (You found it on level 13 of the Dungeon)
 F - a lightning rod (4/4)
   (You found it on level 5 of the Vaults)
 U - a phial of floods
   (You found it on level 5 of the Lair of Beasts)


   Skills:
 + Level 23.8 Fighting
 - Level 14.0 Ranged Weapons
 O Level 27 Dodging
 - Level 10.0 Stealth
 + Level 21.1 Shields
 - Level 6.4 Unarmed Combat
 - Level 13.0 Spellcasting
 - Level 4.0 Translocations
 - Level 3.0 Transmutations
 - Level 3.0 Earth Magic
 - Level 14.0 Evocations
 - Level 8.6 Shapeshifting


You had 47 spell levels left.
You knew the following spells:

 Your Spells              Type           Power      Damage    Failure   Level
a - Blink                 Tloc           34%        N/A       3%          2
b - Passwall              Tmut/Erth      12%        N/A       5%          2

Your spell library contained the following spells:

 Spells                   Type           Power      Damage    Failure   Level
 Apportation              Tloc           34%        N/A       2%          1
 Lesser Beckoning         Tloc           34%        N/A       3%          2
 Wereblood                Tmut           15%        N/A       5%          2
 Sting                    Tmut/Pois      44%        1d5       7%          1
 Gell's Gravitas          Tloc           17%        N/A       8%          3
 Teleport Other           Tloc           17%        N/A       8%          3
 Kiss of Death            Conj/Necr      28%        2d7       13%         1
 Magic Dart               Conj           28%        1d4       13%         1
 Shock                    Conj/Air       28%        1d4       13%         1
 Summon Small Mammal      Summ           28%        N/A       13%         1
 Vhi's Electric Charge    Tloc/Air       24%        N/A       17%         3
 Call Imp                 Summ           14%        N/A       19%         2
 Cigotuvi's Dreadful Rot  Necr/Pois/Air  14%        N/A       19%         2
 Ensorcelled Hibernation  Hex/Ice        22%        N/A       19%         2
 Poisonous Vapours        Pois/Air       14%        N/A       19%         2
 Scorch                   Fire           22%        2d6       19%         2
 Searing Ray              Conj           14%        2d5       19%         2
 Manifold Assault         Tloc           17%        N/A       24%         4
 Passage of Golubria      Tloc           17%        N/A       24%         4
 Ignite Poison            Fire/Tmut/Pois 15%        N/A       26%         3
 Call Canine Familiar     Summ           7%         N/A       36%         3
 Dazzling Flash           Conj/Hex       14%        N/A       36%         3
 Inner Flame              Hex/Fire       11%        N/A       36%         3
 Mephitic Cloud           Conj/Pois/Air  7%         N/A       36%         3
 Ozocubu's Armour         Ice            11%        N/A       36%         3
 Summon Guardian Golem    Hex/Summ       7%         N/A       36%         3
 Swiftness                Air            7%         N/A       36%         3
 Vampiric Draining        Necr           7%         2d6       36%         3
 Leda's Liquefaction      Hex/Erth       5%         N/A       56%         4
 Lee's Rapid Deconstruct  Erth           7%         3d7*      71%         5
 Airstrike                Air            3%         2d(1-17)  77%         4
 Dispel Undead            Necr           7%         3d8       77%         4
 Flame Wave               Conj/Fire      11%        2d6       77%         4
 Fulminant Prism          Conj/Hex       3%         3d5       77%         4
 Olgreb's Toxic Radiance  Pois           7%         N/A       77%         4
 Sticky Flame             Conj/Fire      11%        2d3       77%         4
 Summon Ice Beast         Ice/Summ       11%        N/A       77%         4
 Summon Lightning Spire   Summ/Air       7%         N/A       77%         4
 Alistair's Intoxication  Tmut/Pois      7%         N/A       88%         5
 Irradiate                Conj/Tmut      5%         3d13      88%         5
 Agony                    Necr           7%         N/A       98%         5
 Arcjolt                  Conj/Air       3%         1d13      98%         5
 Fireball                 Conj/Fire      5%         3d5       98%         5
 Freezing Cloud           Conj/Ice/Air   5%         6-21      98%         5
 Iskenderun's Battlesphe  Conj           7%         2d6       98%         5
 Silence                  Hex/Air        3%         N/A       98%         5
 Summon Mana Viper        Hex/Summ       7%         N/A       98%         5
 Dispersal                Tloc           8%         N/A       98%         6
 Conjure Ball Lightning   Conj/Air       3%         3x3d6     100%        6
 Death Channel            Necr           3%         N/A       100%        6
 Eringya's Noxious Bog    Tmut/Pois      5%         4d6       100%        6
 Leda's Unmaking          Conj/Erth      5%         9d2       100%        6
 Plasma Beam              Fire/Air       5%         2x1d16    100%        6
 Summon Cactus Giant      Summ           3%         N/A       100%        6
 Haunt                    Necr/Summ      3%         N/A       100%        7
 Malign Gateway           Summ/Tloc      6%         N/A       100%        7
 Monstrous Menagerie      Summ           3%         N/A       100%        7
 Orb of Destruction       Conj           3%         9d5       100%        7
 Ozocubu's Refrigeration  Ice            5%         4d8       100%        7
 Spellforged Servitor     Conj/Summ      3%         N/A       100%        7
 Borgnjor's Revivificati  Necr           3%         N/A       100%        8
 Ignition                 Fire           5%         3d4       100%        8
 Infestation              Necr           3%         N/A       100%        8
 Lehudib's Crystal Spear  Conj/Erth      5%         10d3      100%        8
 Summon Horrible Things   Summ           3%         N/A       100%        8
 Death's Door             Necr           3%         N/A       100%        9
 Fire Storm               Conj/Fire      5%         8d2       100%        9
 Animate Armour           Summ/Erth      Unusable   N/A       N/A         4
 Animate Dead             Necr           Unusable   N/A       N/A         4

Dungeon Overview and Level Annotations

Branches:
Dungeon (15/15)            Temple (1/1) D:4            Lair (5/5) D:8
 Shoals (4/4) Lair:3       Spider (4/4) Lair:3        Slime (0/5) Lair:5
    Orc (2/2) D:12            Elf (3/3) Orc:2        Vaults (5/5) D:14
  Crypt (0/3) Vaults:3     Depths (4/4) D:15            Zot (5/5) Depths:4
  Sewer (visited)           IceCv (visited)         Gauntlet (visited)

Altars:
Ashenzari
Cheibriados
Dithmenos
Elyvilon
Fedhas
Gozag
Hepliaklqana
Kikubaaqudgha
Makhleb
Nemelex Xobeh
Okawaru
Qazlal
Ru
Sif Muna
Trog
Uskayaw
Vehumet
Wu Jian
Xom
Yredelemnul
Zin
The Shining One
Jiyva
Lugonu

Shops:
D:7 (   D:13 :   D:15 [   Orc:1 (=   Orc:2 (=!!   Elf:2 =::   Elf:3 *
Lair:1 ?   Shoals:1 =   Spider:3 *   Spider:4 (   Vaults:2 [   Vaults:4 ?
Depths:3 [*

Portals:
Hell: Depths:1 Depths:2 Depths:3 Depths:4
Abyss: Zot:2 Depths:2 Depths:3 Depths:4
Pandemonium: Orc:2 Depths:2 Depths:3
Ziggurat: Depths:3

Annotations:
Spider:3 3 runed translucent doors, Beumoczol's ghost, journeyman KoDe
Depths:2 1 runed translucent door
Zot:4 2 transporters, exclusion: orange crystal statue


Innate Abilities, Weirdness & Mutations

You are a living statue of rough stone.
Your actions are slow, but your melee attacks are powerful.
You are resistant to unholy torment.
Your maximum health is decreased, since you lack skill for your form.
You cannot wear most types of armour.
You are amphibious.
You can wear up to eight rings at the same time.
You are immune to poison.
Your skin changes colour to match your surroundings (Stealth+).
((Your rubbery body absorbs attacks. (AC +1, EV +1)))
((You are camouflaged when in or above water. (Stealth+)))
You have tentacles for arms and can constrict up to eight enemies at once.
((You are partially covered in iridescent scales. (AC +2)))
You are clumsy. (Dex -2)
Your flesh is cold resistant. (rC+)
You are robust. (+10% HP)
You have great hidden genetic potential.


Message History

The sling bullet hits the small abomination!!
The small abomination is splashed with acid.
The small abomination is almost destroyed.
You shoot a sling bullet.
The sling bullet hits the small abomination!
You destroy the small abomination!
No target in view!
Giulaugu stares, then turns away, jangling a coin purse.
Giulaugu comes into view.
A lorocyproca comes into view.
Your lorocyproca grins greedily, jangling a coin purse.
Your Tzitzimitl grins greedily, jangling a coin purse.
A Tzitzimitl comes into view.
There is a stone staircase leading down here.
There is a stone staircase leading up here.
You fly upwards.
There is a stone staircase leading down here.
(D) Dungeon (T) Temple (L) Lair (A) Shoals (N) Spider Nest (M) Slime Pits (O) Orcish Mines (E) Elven Halls (V) Vaults (C) Crypt (U) Depths (H) Hell (Z) Zot
Where to? (Enter - D:1, ? - help)
What level of the Dungeon? (default 1, ? - help)
You see here a +0 mace.
There is a stone staircase leading up here.
You fly upwards.
There is a stone staircase leading down here.
There is a stone staircase leading up here.
You fly upwards.
There is a stone staircase leading down here.
There is an open door here.
Kask stares, then turns away, jangling a coin purse.
The lich stares, then turns away, jangling a coin purse.
Your hellion grins greedily, jangling a coin purse.
A Kask, a lich, a chaos spawn and a hellion come into view.
Okay, then.
You feel yourself speed up.
The chaos spawn hisses angrily.
The chaos spawn closely misses your hellion.
There is a stone staircase leading up here.
You fly upwards.
There is a stone staircase leading down here.
Things that are here:
a +0 leather armour; a +0 falchion of pain Do you want to bribe the denizens of the Dungeon?
You no longer have enough gold to fund merchants seeking to open stores in the dungeon.
You no longer have enough gold to bribe branches to halt enemies' attacks and recruit allies.
Gozag spreads your bribe to the Dungeon!
(D) Dungeon (T) Temple (L) Lair (A) Shoals (N) Spider Nest (M) Slime Pits (O) Orcish Mines (E) Elven Halls (V) Vaults (C) Crypt (U) Depths (H) Hell (Z) Zot
Where to? (Enter - D:1 @ (x,y), ? - help)
You see here a +0 flail.
The demonspawn warmonger stares, then turns away, jangling a coin purse.
A demonspawn warmonger comes into view.
It is wielding a +0 demon trident of freezing and wearing a +0 tower shield of protection.
No target in view!
No target in view!
Your demonspawn warmonger grins greedily, jangling a coin purse.
A demonspawn warmonger and a reaper come into view.
Your demonspawn warmonger is wielding a +1 bardiche of venom and wearing a +0 chain mail of fire resistance.
The reaper is wielding a +0 scythe of freezing.
There is a stone staircase leading up here.
Your demonspawn warmonger closely misses the reaper.
Your demonspawn warmonger claws the reaper but does no damage.
Your demonspawn warmonger gores the reaper.
You fly upwards.
The hellwing stares, then turns away, jangling a coin purse.
Your hellwing grins greedily, jangling a coin purse.
Your smoke demon grins greedily, jangling a coin purse. 3 hellwings and a smoke demon come into view.
There is a stone staircase leading down here.
You see here a +0 giant spiked club.
You shoot a sling bullet. The sling bullet hits the hellwing!!!
You kill the hellwing!
No target in view!
You now have 1510 gold pieces (gained 18).
(D) Dungeon (T) Temple (L) Lair (A) Shoals (N) Spider Nest (M) Slime Pits (O) Orcish Mines (E) Elven Halls (V) Vaults (C) Crypt (U) Depths (H) Hell (Z) Zot
Where to? (Enter - D:4, ? - help)
Okay, then.
Casting: Passwall (safe; 5% risk of failure)
Confirm with . or Enter, or press ? or * to list all spells.
Aiming: Passwall (safe; 5% risk of failure)
Press: ? - help, Dir - move target A rock wall.
This square is covered in magical glow.
You miscast Passwall.
You are very lightly contaminated with residual magic.
Nothing appears to happen.
You now have 47/49 mp.
Unknown command.
Unknown command.
Casting: Passwall (safe; 5% risk of failure)
Confirm with . or Enter, or press ? or * to list all spells.
Aiming: Passwall (safe; 5% risk of failure)
Press: ? - help, Dir - move target A rock wall.
This square is covered in magical glow.
You begin to meditate on the wall.
You continue meditating on the rock. x2
You finish merging with the rock.
You now have 45/49 mp.
Your extra speed is starting to run out.
There is a stone staircase leading up here.
You fly upwards.
There is a stone staircase leading down here.
You see here a +2 antimagic flail.
(D) Dungeon (T) Temple (L) Lair (A) Shoals (N) Spider Nest (M) Slime Pits (O) Orcish Mines (E) Elven Halls (V) Vaults (C) Crypt (U) Depths (H) Hell (Z) Zot
Where to? (Enter - D:4, ? - help)
Your magical contamination has completely faded away.
There is a stone staircase leading up here.
You fly upwards.
There is a stone staircase leading down here.
(D) Dungeon (T) Temple (L) Lair (A) Shoals (N) Spider Nest (M) Slime Pits (O) Orcish Mines (E) Elven Halls (V) Vaults (C) Crypt (U) Depths (H) Hell (Z) Zot
Where to? (Enter - D:2, ? - help)
You feel yourself slow down.
Magic restored.
You see here a +0 rapier.
There is a stone staircase leading up here.
You fly upwards.
There is a stone staircase leading down here.
MP restored: 49
(D) Dungeon (T) Temple (L) Lair (A) Shoals (N) Spider Nest (M) Slime Pits (O) Orcish Mines (E) Elven Halls (V) Vaults (C) Crypt (U) Depths (H) Hell (Z) Zot
Where to? (Enter - D:1, ? - help)
Okay, then.
Unknown command.
Unknown command.
Unknown command.
There is an open gate here.
There is a staircase leading out of the dungeon here.
You begin transforming.
You continue transforming. x3
Your transformation has ended.
You turn into a living statue of rough stone.
HP restored.
You now have 107/107 hp.
You remove the ring of Bycupy {rF+ rC+ SInv}.
You feel agile.
R - a +6 ring of dexterity (left tentacle) Char dumped successfully.
You have escaped!

####### #
#..8..# #
##...## #
#.###.#
##
#8'''8#
>########
###.###
........#
####.#
....###.#
#....#
.##.# #.#
#.####
.##.# #.#
#.#


There were no monsters in sight!

Vanquished Creatures
  A dread lich (Vaults:5)
  2 ancient liches
  3 orbs of fire
  A juggernaut (shapeshifter) (D:13)
  A shard shrike (Zot:1)
  Bai Suzhen (Shoals:4)
  Saint Roka (Orc:2)
  4 caustic shrikes (Depths:4)
  A curse toe (Zot:3)
  6 golden dragons
  Nikola (Elf:1)
  A bone dragon (Depths:4)
  An electric golem (Zot:5)
  A walking crystal tome (Depths:3)
  Rupert (D:14)
  17 tentacled monstrosities
  9 titans
  A lich (Vaults:3)
  2 deep elf master archers (Elf:3)
  7 Orb Guardians
  3 deep elf blademasters
  7 death cobs
  7 sphinxes
  8 quicksilver dragons
  2 krakens
  Frances (Spider:2)
  Agnes (Elf:1)
  Kirke (Elf:1)
  22 storm dragons
  Donald (Spider:3)
  Roxanne (Shoals:3)
  Aizul (Elf:1)
  14 shadow dragons
  5 draconian monks
  6 tengu reavers
  A draconian knight (Zot:2)
  10 fire giants
  16 vault wardens
  An iron dragon (Depths:2)
  7 deep elf sorcerers
  6 ghost moths
  9 frost giants
  The ghost of Qirhuc the Arsonist, a journeyman DrVM of Sif Muna (D:14)
  3 orc warlords
  The ghost of Nialiw the Quickloader, a journeyman GnHu of Okawaru (D:13)
  6 draconian shifters
  4 draconian stormcallers
  5 emperor scorpions
  The ghost of Bukydon the Severer, a journeyman MiFi of Gozag (D:14)
  5 draconian scorchers
  14 very ugly things
  5 deep elf elementalists (Elf:3)
  17 ironbound preservers
  3 draconian annihilators
  3 vampire knights
  4 formless jellyfish
  The ghost of Ylounoac the Severer, a journeyman MiBe of Trog (D:14)
  5 ironbound thunderhulks
  2 war gargoyles
  20 stone giants
  10 green draconians
  13 black draconians
  4 broodmothers
  4 deep elf demonologists (Elf:3)
  6 purple draconians
  Azrael (Orc:2)
  2 lorocyprocas
  6 deep elf annihilators
  4 dire elephants (Vaults:1)
  6 spark wasps
  3 yellow draconians
  2 minotaurs
  13 red draconians
  11 white draconians
  13 ettins
  A crystal guardian (Vaults:4)
  2 blizzard demons (IceCv)
  8 deep elf death magi
  10 merfolk impalers
  Snorg (Lair:4)
  2 deep elf high priests
  9 fire dragons
  A green death (Depths:2)
  9 great orbs of eyes
  5 merfolk javelineers
  8 ice dragons
  19 yaktaur captains
  7 entropy weavers
  A hell beast (D:15)
  3 ogre magi
  A caustic shrike simulacrum (IceCv)
  33 vault guards
  The ghost of pokeman the Eclecticist, a journeyman DEHW of Vehumet (D:12)
  An alligator snapping turtle (Shoals:4)
  A peacekeeper (Vaults:4)
  Fannar (D:11)
  5 rakshasas
  7 merfolk aquamancers
  3 merfolk avatars
  8 boulder beetles
  2 hydras
  6 radroaches
  A demonspawn (Orc:2)
  2 catoblepae
  14 centaur warriors
  A juggernaut simulacrum (Depths:2)
  2 jorogumos
  2 satyrs
  29 dancing weapons
  3 deep troll shamans
  10 ironbound frosthearts
  A vampire mage (Depths:2)
  3 two-headed ogres
  12 tengu warriors
  A death yak (Lair:5)
  5 deep troll earth magi
  12 demonic crawlers
  Urug (Lair:2)
  6 orc high priests
  2 spriggan berserkers
  12 hell knights
  13 deep elf knights
  Amaemon (D:11)
  7 pharaoh ants
  A sixfirhy (Depths:3)
  6 skysharks
  A fire crab (shapeshifter) (Elf:2)
  4 iron trolls
  7 sun moths
  10 sea snakes
  4 skeletal warriors (D:12)
  45 deep trolls
  8 orb spiders
  2 glowing orange brains
  The ghost of SirDiesAlot the Changeling, a novice OpSh of Gozag (D:8)
  A swamp dragon (shapeshifter) (Vaults:3)
  A bog body (IceCv)
  2 flayed ghosts
  An obsidian statue (IceCv)
  6 spriggan simulacra (IceCv)
  13 lindwurms
  An orange crystal statue (Depths:4)
  26 deep elf pyromancers
  11 wolf spider zombies (Spider:1)
  6 deep elf archers
  15 wizards
  9 ironbound convokers
  12 orc knights
  A mana viper (shapeshifter) (D:13)
  7 steelbarb worms
  5 phantasmal warriors
  23 deep elf zephyrmancers
  9 harpies
  13 cyclopes
  3 oklob plants
  A shining eye (shapeshifter) (Depths:4)
  12 wolf spiders
  8 necromancers
  11 orc sorcerers
  50 ugly things
  7 fauns
  A fire giant skeleton (Depths:2)
  29 moths of wrath
  24 manticores
  A faun (shapeshifter) (Vaults:5)
  An iron dragon skeleton (Depths:2)
  21 elephants (Lair:5)
  5 merfolk sirens
  A water nymph (shapeshifter) (Vaults:3)
  An ice statue (Gauntlet)
  Maurice (Orc:2)
  3 orange demons
  6 black mambas
  A gargoyle (D:12)
  17 vault sentinels
  A rust devil (Depths:3)
  11 water nymphs
  Maggie (Lair:2)
  13 cane toads
  4 torpor snails
  A minotaur zombie (Gauntlet)
  3 rime drakes
  3 unseen horrors (Depths:3)
  A kobold demonologist (D:13)
  7 redback zombies (Spider:1)
  3 anaconda simulacra
  8 tengu conjurers
  3 golden dragon simulacra
  37 yaktaurs
  4 freezing wraiths
  15 ice devils
  13 komodo dragons
  A red devil (Depths:3)
  3 trolls
  8 meliai
  A hornet (Lair:5)
  5 polar bears
  8 wind drakes
  3 hellwings
  17 tarantellas
  27 merfolk
  10 dream sheep
  6 tarantella zombies (Spider:1)
  5 snapping turtles
  A dream sheep (shapeshifter) (Vaults:5)
  20 blink frogs
  29 slime creatures
  6 culicivora zombies (Spider:1)
  3 air elementals
  28 jumping spiders
  A centaur simulacrum (D:14)
  17 culicivoras
  A ynoxinul (D:12)
  5 shadows
  32 water elementals
  A culicivora (shapeshifter) (D:14)
  2 dire elephant simulacra
  30 yaks
  4 small abominations
  4 hogs (Elf:1)
  2 wraiths
  A vampire (D:12)
  4 wyverns
  2 fire elementals (Orc:2)
  6 basilisks
  A steam dragon (D:8)
  7 chaos spawn
  A green draconian simulacrum (Zot:1)
  13 minotaur simulacra
  48 redbacks
  3 neqoxecs
  2 wargs (Orc:2)
  2 acid dragons (Gauntlet)
  3 harpy simulacra
  6 large abominations
  16 water moccasins
  2 hell hounds (Orc:2)
  A floating eye (shapeshifter) (D:14)
  Pargi (Sewer)
  3 hydra simulacra
  3 ice beasts
  34 orc warriors
  4 boggarts (D:15)
  5 ogres
  4 alligator simulacra
  An ogre (shapeshifter) (D:13)
  3 black bears
  A glowing shapeshifter skeleton (Depths:2)
  9 wolves
  8 centaurs
  2 phantoms
  5 kobold brigands
  2 elf zombies (Elf:1)
  9 deep troll simulacra (IceCv)
  11 bullfrogs
  2 gnoll sergeants
  A scorpion (D:6)
  5 wights (D:6)
  6 killer bees (D:8)
  2 howler monkeys
  3 lindwurm simulacra
  An electric eel (Spider:2)
  24 orc priests
  A jelly (D:6)
  A gnoll bouda (D:5)
  An iron imp (D:5)
  2 sleepcaps
  An iguana (D:5)
  14 orc wizards
  6 hell rats (Lair:5)
  15 gnolls
  13 adders
  3 shadow imps
  2 worms
  A dart slug (D:3)
  86 orcs
  10 bats
  7 endoplasms
  6 giant cockroaches
  8 goblins
  7 hobgoblins
  2 jackals (D:1)
  2 quokkas
  9 ball pythons
  9 frilled lizards
  14 kobolds
  5 rats (D:1)
  3 lurking horrors (Zot:2)
  6 tentacles
2049 creatures vanquished.

Vanquished Creatures (collateral kills)
  A curse toe (Zot:5)
  An electric golem (Zot:5)
  6 Orb Guardians (Zot:5)
  A death cob (Zot:5)
  A ghost moth (Zot:5)
  A reaper (Zot:1)
  A sun demon (Zot:1)
  2 moths of wrath (Zot:5)
  A goblin (D:4)
  A hobgoblin (D:4)
  A kobold (D:4)
  A quokka (D:4)
18 creatures vanquished.

Vanquished Creatures (others)
  Josephina (Zot:1)
  2 Killer Klowns (Zot:5)
  5 Orb Guardians (Zot:5)
  A draconian scorcher (Zot:4)
  A yellow draconian (Zot:5)
  A green draconian (Zot:1)
  A black draconian (Zot:1)
  A merfolk aquamancer (Shoals:4)
  A deep elf zephyrmancer (Elf:2)
  An ice devil (Zot:1)
  A golden dragon simulacrum (Zot:1)
  A draconian simulacrum (Zot:1)
  11 tentacles
28 creatures vanquished.

Grand Total: 2095 creatures vanquished

Notes
Turn   | Place    | Note
-------+----------+-------------------------------------------
     0 | D:1      | mdonais the Octopode Shapeshifter began the quest for the
                  | Orb.
     0 | D:1      | Reached XP level 1. HP: 14/14 MP: 1/1
   122 | D:1      | Reached XP level 2. HP: 19/20 MP: 2/2
   436 | D:1      | Reached XP level 3. HP: 25/25 MP: 3/3
  1278 | D:2      | Reached XP level 4. HP: 31/31 MP: 4/4
  1348 | D:2      | Got the Verses on Ouranomancy
  1387 | D:2      | Found a faded altar of an unknown god.
  1960 | D:3      | Noticed a black bear
  1969 | D:3      | Killed a black bear
  1970 | D:3      | Reached XP level 5. HP: 16/37 MP: 5/5
  2197 | D:3      | Found a broken altar of Ashenzari.
  2259 | D:3      | Reached XP level 6. HP: 44/44 MP: 6/6
  2504 | D:4      | Identified a scroll of acquirement
  2536 | D:4      | Acquired a manual of Dodging
  2558 | D:4      | Reached skill level 3 in Dodging
  2597 | D:4      | Found a glowing drain.
  2606 | D:4      | Reached XP level 7. HP: 49/49 MP: 7/7
  2617 | Sewer    | Entered a sewer
  2627 | Sewer    | Reached skill level 4 in Dodging
  2669 | Sewer    | Noticed Pargi
  2741 | Sewer    | Killed Pargi
  2742 | Sewer    | Reached skill level 5 in Fighting
  2925 | D:4      | Found a staircase to the Ecumenical Temple.
  2936 | Temple   | Entered the Ecumenical Temple
  3399 | D:4      | Reached skill level 5 in Dodging
  3420 | D:3      | Reached skill level 5 in Unarmed Combat
  3645 | D:5      | Entered Level 5 of the Dungeon
  3798 | D:5      | Found an opulent altar of Gozag.
  3828 | D:5      | Became a worshipper of Gozag Ym Sagoz the Greedy
  4036 | D:5      | Reached skill level 6 in Dodging
  4036 | D:5      | Reached XP level 8. HP: 56/57 MP: 8/8
  4065 | D:5      | Found a snail-covered altar of Cheibriados.
  4073 | D:5      | Reached skill level 1 in Stealth
  4380 | D:5      | Gained mutation: You occasionally lose the ability to read
                  | scrolls when taking damage. [potion of mutation]
  4381 | D:5      | Lost mutation: You occasionally lose the ability to read
                  | scrolls when taking damage. [potion of mutation]
  4381 | D:5      | Gained mutation: Your flesh is cold resistant. (rC+)
                  | [potion of mutation]
  4547 | D:6      | Reached skill level 5 in Stealth
  4678 | D:6      | Reached skill level 7 in Dodging
  4931 | D:6      | Identified the +10 quarterstaff of Non Obstante Veredicto
                  | {spect, Str+4}
  4973 | D:6      | Found a basalt altar of Yredelemnul.
  5112 | D:7      | Reached XP level 9. HP: 48/63 MP: 9/9
  5206 | D:7      | Found Sefaicuy's Antique Weapon Boutique.
  5314 | D:7      | Reached skill level 1 in Ranged Weapons
  5702 | D:7      | Found an ancient bone altar of Kikubaaqudgha.
  5710 | D:7      | Found a glowing golden altar of the Shining One.
  5717 | D:7      | Found a blossoming altar of Fedhas.
  5724 | D:7      | Found a hazy altar of Hepliaklqana.
  5732 | D:7      | Found an ornate altar of the Wu Jian Council.
  5739 | D:7      | Found a radiant altar of Vehumet.
  5745 | D:7      | Found a glowing silver altar of Zin.
  6072 | D:8      | Acquired 801 gold pieces
  6092 | D:7      | Bought the +3 greatsling "Punk" {acid, rCorr} for 688 gold
                  | pieces
  6092 | D:7      | Found the +3 greatsling "Punk" {acid, rCorr}
  6123 | D:8      | Found a bloodstained altar of Trog.
  6336 | D:8      | Reached skill level 5 in Ranged Weapons
  6683 | D:8      | Found a hide-covered altar of Uskayaw.
  6703 | D:8      | Found a large runed translucent door.
  6703 | D:8      | Found a large runed translucent door.
  6705 | D:8      | Noticed SirDiesAlot's ghost (novice OpSh)
  6716 | D:8      | Found a staircase to the Lair.
  7108 | D:8      | Reached XP level 10. HP: 69/69 MP: 10/10
  7430 | D:8      | Killed SirDiesAlot's ghost
  7500 | D:9      | Found an iron altar of Okawaru.
  8209 | D:10     | Entered Level 10 of the Dungeon
  8223 | D:10     | Learned a level 2 spell: Blink
  8338 | D:10     | Found a shimmering altar of Xom.
  8421 | D:10     | Noticed a two-headed ogre
  8424 | D:10     | Killed a two-headed ogre
  8425 | D:10     | Reached skill level 10 in Ranged Weapons
  8638 | D:10     | Reached XP level 11. HP: 78/78 MP: 12/12
  8642 | D:10     | Reached skill level 1 in Spellcasting
  8701 | D:10     | Noticed a wizard
  8705 | D:10     | Killed a wizard
  8824 | D:10     | Found a sacrificial altar of Ru.
  9262 | Lair:1   | Entered Level 1 of the Lair of Beasts
  9272 | Lair:1   | Bought a scroll of blinking for 105 gold pieces
  9272 | Lair:1   | Bought a scroll of blinking for 105 gold pieces
  9272 | Lair:1   | Bought a scroll of identify for 28 gold pieces
  9829 | Lair:1   | Reached skill level 10 in Fighting
 10469 | Lair:2   | Noticed Urug
 10507 | Lair:2   | Reached XP level 12. HP: 87/87 MP: 13/13
 10605 | Lair:2   | Identified the +2 spear "Uhuronti" {spect, Dex+4}
 10780 | Lair:2   | Reached skill level 8 in Dodging
 10985 | Lair:2   | Noticed Maggie
 10989 | Lair:2   | Killed Maggie
 10999 | Lair:2   | Killed Urug
 11380 | Lair:3   | Noticed a catoblepas
 11412 | Lair:3   | Killed a catoblepas
 11413 | Lair:3   | Reached skill level 9 in Dodging
 11915 | Lair:3   | Found a hole to the Spider Nest.
 11969 | Lair:3   | Found a staircase to the Shoals.
 12349 | Lair:4   | Noticed Snorg
 12360 | Lair:4   | Killed Snorg
 12361 | Lair:4   | Reached XP level 13. HP: 96/96 MP: 14/14
 12829 | Lair:4   | Reached skill level 5 in Evocations
 13234 | D:11     | Reached skill level 10 in Dodging
 13270 | D:11     | Noticed Fannar
 13291 | D:11     | Killed Fannar
 13603 | D:11     | Noticed Amaemon
 13612 | D:11     | Killed Amaemon
 14005 | D:12     | Found a runed translucent door.
 14005 | D:12     | Noticed pokeman's ghost (journeyman DEHW)
 14139 | D:12     | Found a staircase to the Orcish Mines.
 14253 | D:12     | Reached skill level 11 in Dodging
 14750 | D:12     | Killed pokeman's ghost
 14917 | Orc:1    | Entered Level 1 of the Orcish Mines
 14920 | Orc:1    | Bought the ring "Teadgh" {rPois Str+9 Dex+5 Stlth-} for 935
                  | gold pieces
 15087 | Orc:1    | Found Xeremus's Weapon Shoppe.
 15246 | Orc:2    | Entered Level 2 of the Orcish Mines
 15249 | Orc:2    | Noticed Maurice
 15256 | Orc:2    | Killed Maurice
 15500 | Orc:2    | Reached XP level 14. HP: 108/108 MP: 15/15
 15701 | Orc:2    | Noticed Azrael
 15716 | Orc:2    | Killed Azrael
 15837 | Orc:2    | Noticed Saint Roka
 16009 | Orc:2    | Found a staircase to the Elven Halls.
 16079 | Orc:2    | Killed Saint Roka
 16080 | Orc:2    | Reached skill level 12 in Dodging
 16625 | Orc:2    | Found Sasea's Distillery.
 16719 | Orc:2    | Found Plog's Distillery.
 16784 | Orc:2    | Bought a potion of invisibility for 112 gold pieces
 16784 | Orc:2    | Bought a potion of heal wounds for 70 gold pieces
 16784 | Orc:2    | Bought a potion of might for 56 gold pieces
 16784 | Orc:2    | Bought a potion of resistance for 140 gold pieces
 16784 | Orc:2    | Bought a potion of heal wounds for 70 gold pieces
 16860 | Orc:2    | Reached skill level 15 in Fighting
 17035 | Orc:2    | Reached skill level 5 in Shapeshifting
 17134 | Orc:2    | Found Udghusula's Jewellery Boutique.
 17134 | Orc:2    | Found Xesis's Antique Weapon Shop.
 17135 | Orc:2    | Found a one-way gate leading to the halls of Pandemonium.
 17146 | Orc:2    | Bought the ring "Ywerar" {Ice +Blink Fly Will+ Dex+3} for
                  | 689 gold pieces
 17146 | Orc:2    | Bought a +4 ring of protection for 468 gold pieces
 17431 | Lair:5   | Entered Level 5 of the Lair of Beasts
 17448 | Lair:5   | Found a viscous altar of Jiyva.
 17448 | Lair:5   | Found a staircase to the Slime Pits.
 17591 | Lair:5   | Found a gate leading to a gauntlet.
 17613 | Gauntlet | Entered a Gauntlet
 17613 | Gauntlet | Found a transporter.
 17613 | Gauntlet | Found a transporter.
 17697 | Gauntlet | Found a transporter.
 17702 | Gauntlet | Found a transporter.
 17711 | Gauntlet | Found a transporter.
 17714 | Gauntlet | Found a transporter.
 17724 | Gauntlet | Found a transporter.
 17742 | Gauntlet | Found a transporter.
 17759 | Gauntlet | Found a transporter.
 17763 | Gauntlet | Found a transporter.
 17775 | Gauntlet | Found a transporter.
 17776 | Gauntlet | Found a transporter.
 18101 | Gauntlet | Identified the ring of Cowardice {rCorr Int-3 Dex+3 SInv
                  | Stlth+}
 18125 | Gauntlet | Identified the +9 spear of Beogh's Supremacy {heavy, Str+2}
 18139 | Gauntlet | Reached XP level 15. HP: 117/117 MP: 16/16
 18685 | Lair:5   | Reached skill level 13 in Dodging
 18833 | Lair:5   | Reached skill level 10 in Stealth
 19728 | D:13     | Found a runed translucent gate.
 19728 | D:13     | Found a runed translucent gate.
 19728 | D:13     | Found a runed translucent gate.
 19733 | D:13     | Noticed Nialiw's ghost (journeyman GnHu)
 20277 | D:13     | Found Otaoh's Book Shoppe.
 20315 | D:13     | Noticed a caustic shrike
 20316 | D:13     | a caustic shrike changed into a juggernaut
 20316 | D:13     | Noticed a juggernaut (shapeshifter)
 20385 | D:14     | Reached skill level 1 in Shields
 20436 | D:14     | Found a broken altar of Ashenzari.
 20484 | D:14     | Found a runed translucent gate.
 20485 | D:14     | Found a runed translucent gate.
 20486 | D:14     | Found a runed translucent gate.
 20487 | D:14     | Noticed Ylounoac's ghost (journeyman MiBe)
 20488 | D:14     | Noticed Qirhuc's ghost (journeyman DrVM)
 20488 | D:14     | Noticed Bukydon's ghost (journeyman MiFi)
 20522 | D:14     | Killed Ylounoac's ghost
 20570 | D:14     | Killed Bukydon's ghost
 20827 | D:14     | Noticed Rupert
 21062 | D:14     | Paralysed by a floating eye for 4 turns
 21075 | D:14     | Reached skill level 5 in Shields
 21251 | D:14     | Reached XP level 16. HP: 125/126 MP: 19/19
 21269 | D:14     | Found a gate to the Vaults.
 21336 | D:14     | Killed Rupert
 21351 | D:14     | Killed Qirhuc's ghost
 21596 | D:15     | Entered Level 15 of the Dungeon
 22099 | D:15     | Found a staircase to the Depths.
 22145 | D:15     | Found Saewu's Armour Emporium.
 22955 | Spider:1 | Entered Level 1 of the Spider Nest
 23041 | Spider:1 | Reached skill level 10 in Shields
 23172 | Spider:1 | Identified the +0 plate armour of Tajueproxa {rF- Int+3
                  | SInv}
 23671 | Spider:2 | Noticed Frances
 23676 | Spider:2 | Killed Frances
 23940 | Spider:2 | Reached XP level 17. HP: 96/132 MP: 0/23
 24254 | Spider:1 | Identified the +2 hat "Tayf" {Str+2 Dex-3 Slay+3}
 24855 | Spider:3 | Noticed Donald
 25343 | Spider:3 | Found a runed translucent gate.
 25343 | Spider:3 | Found a runed translucent gate.
 25343 | Spider:3 | Found a runed translucent gate.
 25347 | Spider:3 | Noticed Beumoczol's ghost (journeyman KoDe)
 25410 | Spider:3 | Killed Donald
 26331 | Spider:4 | Entered Level 4 of the Spider Nest
 26358 | Spider:3 | Reached skill level 14 in Dodging
 26543 | Spider:4 | Found a frozen archway.
 26567 | IceCv    | Entered an ice cave
 26945 | IceCv    | Identified the +5 ice dragon scales of Uwkoumeno {Contam
                  | rPois rF- rC++ Will++}
 27631 | IceCv    | Reached XP level 18. HP: 141/141 MP: 24/24
 27712 | IceCv    | Identified the +5 morningstar of the Onslaught {heavy,
                  | Int+2 Dex+4}
 27733 | IceCv    | Identified the +6 ice dragon scales "Axyk" {*Slow rPois rF-
                  | rC++ rN+ Will++}
 28023 | Spider:4 | Reached skill level 15 in Dodging
 28141 | Spider:4 | Identified the +2 scimitar "Veuzaowo" {pain, rCorr Str-4
                  | Dex+5 Stlth+}
 28408 | Spider:4 | Reached skill level 5 in Spellcasting
 28830 | Spider:4 | Got a gossamer rune of Zot
 29001 | Spider:4 | Found Dekeir's Antique Weapon Boutique.
 29826 | D:13     | Killed a juggernaut
 29835 | D:13     | Killed Nialiw's ghost
 30266 | Shoals:1 | Entered Level 1 of the Shoals
 30299 | Shoals:1 | Reached skill level 10 in Spellcasting
 30420 | Shoals:1 | Learned a level 2 spell: Passwall
 30468 | Shoals:1 | Reached skill level 1 in Transmutations
 30499 | Shoals:1 | Reached skill level 1 in Earth Magic
 31295 | Shoals:1 | Bought the ring "Vikenlas" {rElec rCorr Str+4 Dex+6} for
                  | 896 gold pieces
 31765 | Shoals:2 | Reached XP level 19. HP: 150/150 MP: 34/34
 32645 | Shoals:3 | Noticed Roxanne
 32667 | Shoals:3 | Killed Roxanne
 32802 | Shoals:3 | Identified the +6 long sword of Jatzur {heavy, Drain rPois
                  | rF+ rC+}
 33317 | Shoals:4 | Entered Level 4 of the Shoals
 33623 | Shoals:4 | Reached skill level 16 in Dodging
 33757 | Shoals:4 | Identified the +6 flail "Ephuex Zaoc" {heavy, Fragile rCorr
                  | Int+4}
 34549 | Shoals:4 | Got a barnacled rune of Zot
 34706 | Shoals:4 | Noticed Bai Suzhen
 34765 | Shoals:4 | Killed Bai Suzhen
 34766 | Shoals:4 | Reached skill level 17 in Dodging
 34783 | Shoals:4 | Identified the ring of Bycupy {rF+ rC+ SInv}
 35975 | Elf:1    | Entered Level 1 of the Elven Halls
 36018 | Elf:1    | Paralysed by an air elemental for 1 turns
 36158 | Elf:1    | Noticed Nikola
 36168 | Elf:1    | Killed Nikola
 36293 | Elf:1    | Noticed Agnes
 36299 | Elf:1    | Killed Agnes
 36729 | Elf:1    | Got the Octavo of Diablerie
 36744 | Elf:1    | Reached skill level 18 in Dodging
 36753 | Elf:1    | Noticed Kirke
 36763 | Elf:1    | Killed Kirke
 36766 | Elf:1    | Reached XP level 20. HP: 158/158 MP: 35/35
 36774 | Elf:1    | You are sucked into a shaft and drop 1 floor!
 37298 | Elf:1    | Noticed Aizul
 37308 | Elf:1    | Killed Aizul
 37817 | Elf:2    | Found a runed translucent gate.
 37818 | Elf:2    | Found a runed translucent gate.
 37818 | Elf:2    | Found a runed translucent gate.
 37897 | Elf:2    | Found Rokhlaph's Jewellery Boutique.
 37897 | Elf:2    | Found Funkige's Book Shoppe.
 37898 | Elf:2    | Found Murouwk's Book Shoppe.
 38589 | Elf:2    | Found Rokhlaph's Jewellery Boutique.
 38589 | Elf:2    | Found Funkige's Book Shoppe.
 38590 | Elf:2    | Found Murouwk's Book Shoppe.
 38786 | Elf:3    | Entered Level 3 of the Elven Halls
 38900 | Elf:3    | Found a portal to a secret trove of treasure.
 39245 | Elf:3    | Found Kydageq's Assorted Antiques.
 39443 | Elf:3    | Noticed a Tzitzimitl
 39922 | Elf:3    | Identified the +6 broad axe of Alimac {drain, *Slow rF+++
                  | Str+3 Stlth-}
 39922 | Elf:3    | Identified the ring of Nipso {MP+9 Dex+7}
 40213 | Elf:3    | Identified the +1 robe "Yguof" {-Tele rElec rN+}
 40325 | Elf:3    | Reached skill level 19 in Dodging
 40353 | Elf:3    | Identified the staff of the Foremost Wars {Contam rElec
                  | rPois rC+ Int+3 Poison}
 40356 | Elf:3    | Identified the +0 quarterstaff "Nuhannol" {flame, Contam
                  | rF+ MP+9 Dex+3}
 40360 | Elf:3    | Identified the +5 dagger of Irritation {flame, Str+4 Int+3}
 40427 | Elf:3    | Identified the +6 broad axe "Ydoys" {drain, MP+9 Int+5}
 40770 | D:15     | Bought a +1 crystal plate armour for 1653 gold pieces
 41006 | Elf:3    | You paid a toll of a +1 crystal plate armour to enter a
                  | treasure trove
 41007 | Trove    | Entered a treasure trove
 41321 | Vaults:1 | Entered Level 1 of the Vaults
 41486 | Vaults:1 | Reached XP level 21. HP: 137/166 MP: 36/37
 41803 | Vaults:1 | Reached skill level 10 in Evocations
 41917 | Vaults:1 | Identified the amulet of Accord {RegenMP rF- Regen+ Int+4
                  | Dex+3}
 42142 | Vaults:1 | Reached skill level 15 in Shields
 42747 | Vaults:2 | Found Jumif's Armour Emporium.
 43844 | Vaults:3 | Reached skill level 20 in Dodging
 44202 | Vaults:3 | Found the +27 heavy crossbow "Sniper" {heavy, Acc+∞ SInv}
 44222 | Vaults:3 | Reached XP level 22. HP: 157/176 MP: 38/38
 44389 | Vaults:3 | Found a staircase to the Crypt.
 46854 | Vaults:4 | Found Hetil's Magic Scroll Shoppe.
 46857 | Vaults:4 | Bought a scroll of enchant armour for 172 gold pieces
 47228 | Vaults:5 | Entered Level 5 of the Vaults
 47276 | Vaults:5 | Reached XP level 23. HP: 98/183 MP: 31/39
 48632 | Vaults:5 | Identified the ring of the Sybil {Fire Dex+3}
 48707 | Vaults:5 | Got Improving Your Spellwork
 48834 | Vaults:5 | Noticed a dread lich
 48835 | Vaults:5 | Paralysed by a dread lich for 5 turns
 48850 | Vaults:5 | Killed a dread lich
 48929 | Vaults:5 | Got a silver rune of Zot
 49340 | Vaults:5 | Identified the +10 plate armour of Gestures {rElec rF+}
 49356 | Vaults:5 | Got Asomm's Papyrus of Wounds
 49691 | Depths:1 | Entered Level 1 of the Depths
 49985 | Depths:1 | Reached XP level 24. HP: 191/191 MP: 40/40
 50075 | Depths:1 | Found a gateway to Hell.
 50431 | Depths:2 | Reached skill level 21 in Dodging
 50600 | Depths:2 | Found a one-way gate to the infinite horrors of the Abyss.
 51076 | Depths:2 | Found a runed translucent door.
 51929 | Depths:3 | Found a one-way gateway to a ziggurat.
 51930 | Depths:3 | Noticed an ancient lich
 51939 | Depths:3 | Killed an ancient lich
 52116 | Depths:3 | Reached skill level 22 in Dodging
 52244 | Depths:3 | Gained mutation: You have hidden genetic defects. [a
                  | neqoxec]
 52330 | Depths:3 | Found Sull's General Store.
 52330 | Depths:3 | Found Coysypt's Armour Shop.
 52571 | Depths:3 | Gained mutation: You have terrible hidden genetic defects.
                  | [a neqoxec]
 52928 | Depths:4 | Entered Level 4 of the Depths
 52994 | Depths:4 | Gained mutation: You sometimes lose your temper in combat.
                  | [a shining eye]
 53008 | Depths:4 | Reached skill level 23 in Dodging
 53031 | Depths:4 | Gained mutation: You are vulnerable to heat. (rF-) [hidden
                  | defects]
 53315 | Depths:4 | Found the -2 hat of the Alchemist {rElec rPois rF+ rC+ rN+
                  | Will+ rMut rCorr}
 53321 | Depths:4 | Reached XP level 25. HP: 198/198 MP: 40/40
 53340 | Depths:4 | Identified the staff of the Snake Pit {rElec rF+ rN++ Will+
                  | Earth}
 53829 | Depths:4 | Found a gate to the Realm of Zot.
 53850 | Zot:1    | Entered Level 1 of the Realm of Zot
 53899 | Zot:1    | Gained mutation: You are frail. (-10% HP) [hidden defects]
 53899 | Zot:1    | Lost mutation: You have terrible hidden genetic defects.
                  | [hidden defects expressed]
 54046 | Zot:1    | Reached skill level 24 in Dodging
 54077 | Zot:1    | Identified the ring "Udiaja" {Ice rElec Slay+3}
 54077 | Zot:1    | Noticed Josephina
 54098 | Zot:1    | Killed Josephina
 54713 | Zot:1    | Noticed a shard shrike
 54740 | Zot:1    | Gained mutation: You have an uncontrollable temper. [hidden
                  | defects]
 54748 | Zot:1    | Killed a shard shrike
 54775 | Zot:1    | Noticed an orb of fire
 54793 | Zot:1    | Gained mutation: You are clumsy. (Dex -2) [an orb of fire]
 54795 | Zot:1    | Killed an orb of fire
 55307 | Zot:2    | Reached skill level 25 in Dodging
 55828 | Zot:2    | Found a corrupted altar of Lugonu.
 55830 | Zot:2    | Acquired 500 gold pieces
 55933 | Zot:2    | Gained mutation: You occasionally lose the ability to drink
                  | potions when taking damage. [hidden defects]
 55933 | Zot:2    | Lost mutation: You have hidden genetic defects. [hidden
                  | defects expressed]
 56415 | Zot:2    | Lost mutation: You occasionally lose the ability to drink
                  | potions when taking damage. [potion of mutation]
 56415 | Zot:2    | Lost mutation: You are frail. (-10% HP) [potion of
                  | mutation]
 56415 | Zot:2    | Gained mutation: You expend magic power (3 MP) to
                  | strengthen your wands. [potion of mutation]
 56416 | Zot:2    | Lost mutation: You have an uncontrollable temper. [potion
                  | of mutation]
 56416 | Zot:2    | Lost mutation: You expend magic power (3 MP) to strengthen
                  | your wands. [potion of mutation]
 56416 | Zot:2    | Gained mutation: You are strong-willed. (Will+) [potion of
                  | mutation]
 56416 | Zot:2    | Gained mutation: You have hidden genetic potential. [potion
                  | of mutation]
 56417 | Zot:2    | Lost mutation: You are vulnerable to heat. (rF-) [potion of
                  | mutation]
 56417 | Zot:2    | Lost mutation: You are strong-willed. (Will+) [potion of
                  | mutation]
 56417 | Zot:2    | Gained mutation: You are partially covered in iridescent
                  | scales. (AC +2) [potion of mutation]
 56417 | Zot:2    | Lost mutation: You sometimes lose your temper in combat.
                  | [potion of mutation]
 56962 | Zot:3    | Reached skill level 26 in Dodging
 57019 | Zot:3    | Noticed an orb of fire
 57033 | Zot:3    | Gained mutation: You have great hidden genetic potential.
                  | [an orb of fire]
 57045 | Zot:3    | Killed an orb of fire
 57621 | Zot:3    | Reached XP level 26. HP: 205/205 MP: 40/40
 57933 | Zot:4    | Noticed an orb of fire
 57950 | Zot:4    | Killed an orb of fire
 57972 | Zot:4    | Reached skill level 27 in Dodging
 58590 | Zot:4    | Found a transporter.
 58961 | Zot:4    | Found a transporter.
 59215 | Zot:5    | Entered Level 5 of the Realm of Zot
 59554 | Zot:5    | Noticed an ancient lich
 59557 | Zot:5    | Noticed an orb of fire
 59557 | Zot:5    | Noticed an orb of fire
 59558 | Zot:5    | Noticed an orb of fire
 59563 | Zot:5    | Killed a Killer Klown
 59565 | Zot:5    | Killed an ancient lich
 59567 | Zot:5    | Killed a Killer Klown
 59581 | Zot:5    | Noticed an orb of fire
 59649 | Zot:5    | Identified the ring "Jeobop" {Fire rElec Int+3}
 59680 | Zot:5    | Noticed a Killer Klown
 59682 | Zot:5    | Noticed an orb of fire
 59685 | Zot:5    | Gained mutation: You are robust. (+10% HP) [hidden
                  | potential]
 59695 | Zot:5    | Noticed an orb of fire
 59784 | Zot:5    | Got the Orb of Zot
 60187 | D:9      | Noticed Giulaugu the pandemonium lord
 60254 | D:6      | Noticed Kask the pandemonium lord
 60349 | D:$      | Escaped with the Orb!

Illustrated notes

Levels and vault maps discovered:
D:1:      saegor_arrival_simple_c, layout_loops_ring
D:2:      layout_loops_corners, basic_ecumenical_altar,
          minmay_misc_feat_ornament
D:3:      layout_loops_ring, lemuel_tele_altar, kennysheep_generic_room_6
D:4:      layout_basic, minmay_temple_entry_mini_moons, gup_sewer_entry_glass
D:5:      layout_loops_ring, slow_altar_2, lemuel_crystal_altar
D:6:      layout_gridville, lemuel_crystal_altar
D:7:      layout_basic, grunt_temple_overflow_octagram, serial_shops, shop,
          amethyst_killhole
D:8:      layout_layer_cave, amcnicky_altar_gilded,
          nicolae_overflow_crystal_walls, dpeg_oklobed_lair,
          ebering_ghost_disaster_area, minmay_misc_feat_square
D:9:      layout_roguey, kennysheep_okawaru_gauntlet
D:10:     layout_grid_maze, kennysheep_mini_moat, mainiacjoe_overflow_paths
D:11:     layout_rooms, uniq_amaemon, uniq_fannar
D:12:     layout_roguey, hellmonk_ghost_big_iron
D:13:     layout_long_grid, serial_shops, nicolae_shop_tiny_waterfront,
          maelrawn_ghost_gauntlet_escape, minmay_checkerbox
D:14:     layout_loops_ring, david_vaults_4, ashenzari_altar_1,
          gammafunk_ghost_cemetery, uniq_rupert
D:15:     grunt_enter_depths_hoard, layout_long_grid, serial_rivers,
          chequers_serial_rivers_marsh, chequers_serial_rivers_micro_d,
          chequers_serial_rivers_micro_c, chequers_serial_rivers_micro_b,
          chequers_serial_rivers_large_b, serial_shops,
          nicolae_shop_hallway_plus, fountainhead
Temple:   hellmonk_temple_beads
Lair:1:   layout_gridlike, grunt_megastairs_4
Lair:2:   layout_gridlike, minivault_11, uniq_maggie, uniq_urug
Lair:3:   layout_misc_corridors, minmay_shoals_entry_hut,
          spider_nest_entry_funnel_web
Lair:4:   layout_concentric_octagons, minivault_27, lemuel_fruit_tree,
          grunt_megastairs_5, serial_bayou_shore_b, uniq_snorg
Lair:5:   gammafunk_lair_ancient_temple, layout_concentric_octagons,
          minmay_slime_entry_oklob_open, gauntlet_entry_generic,
          nicolae_lair_lindhole
Shoals:1: layout_shoals
Shoals:2: layout_shoals, st_cyclops
Shoals:3: layout_shoals, nicolae_shoals_water_elemental_grotto, uniq_roxanne
Shoals:4: shoals_end_simple, layout_shoals, uniq_bai_suzhen
Spider:1: lemuel_spider_zombies, hellmonk_spider_spawner
Spider:2: layout_spider_delve, uniq_frances
Spider:3: layout_chambers, gammafunk_ghost_tricky_traps, drop_trap,
          nicolae_spider_wall_of_niches, uniq_donald
Spider:4: hellmonk_spider_rune_bug_friends, portal_ice_cave_entry_ice_simulacra
Orc:1:    layout_diamond_mine, serial_shops, nicolae_shop_pleasant_corner_grove,
          mines2_david
Orc:2:    pf_orc_diabolical, layout_diamond_mine, special_room, mines1_david,
          uniq_azrael, uniq_saint_roka, uniq_maurice
Elf:1:    nicolae_elf_arrival_fired_up, layout_loops_ring,
          minmay_elf_necromancy, amcnicky_mini_corridor_feature, uniq_nikola,
          uniq_kirke, uniq_aizul, uniq_agnes
Elf:2:    nicolae_elf_blades_crystal_corner, layout_geoelf_diagonals,
          minmay_shop_grove
Elf:3:    elf_hall, layout_gridlike, trove_entry_hex_spiral, serial_shops,
          nicolae_shop_back_alley_shop
Vaults:1: nicolae_vaults_cochlea, hangedman_vaults_restitches,
          nicolae_vaults_sealed_display, nicolae_vaults_diagonal_hallway_7,
          nicolae_vaults_border_crossing, hangedman_vaults_stream, v_rooms_4,
          vaults_room_grunt_arrival_checkpoint, vaults_room_hangedman_quadrants,
          nicolae_vaults_storage_room_glass, ontoclasm_vaults_hangar,
          layout_vaults_omnibox
Vaults:2: vaults_mumra_minichess_inversion, nicolae_vaults_trapezoid_3,
          vaults_room_fancy_cross, nicolae_vaults_little_ls,
          nicolae_vaults_ring_of_whatevers, vaults_mumra_hexcomb, v_misc_14,
          hangedman_vaults_cutoff, nicolae_vaults_asterisk,
          nicolae_vaults_stepped_doors, vaults_dpeg_ring,
          layout_vaults_big_room, serial_shops, shop_statue
Vaults:3: nicolae_vaults_ring_of_whatevers, v_misc_4, v_misc_8,
          minmay_crypt_entry_nasty_monster,
          nicolae_vaults_windows_and_doors_thing, ontoclasm_vaults_twist,
          nicolae_vaults_closet_pinwheel_5, nicolae_vaults_cochlea,
          nicolae_vaults_tetromino_Z_1, nicolae_vaults_meiosis,
          nicolae_vaults_what_the_h, nicolae_vaults_closet_pinwheel_4,
          nicolae_vaults_angled_halls, minmay_guarded_unrand_secular_launcher,
          layout_vaults_maze_bifur
Vaults:4: vaults_standard_mumra_x, v_misc_29, ontoclasm_vaults_eye, v_misc_32,
          nicolae_vaults_octothorpe, nicolae_vaults_trapezoid_3,
          nicolae_vaults_hallways_thing, st_more_cells,
          nicolae_vaults_tetromino_Z_2, nicolae_vaults_diamond_1,
          ontoclasm_vaults_idyll, nicolae_vaults_house_2,
          layout_vaults_quadrants, serial_shops,
          nicolae_shop_tiny_real_fake_doors
Vaults:5
Depths:1: hellmonk_crumbling_castle, layout_cave_pools, hell_entry,
          kennysheep_nondescript, lemuel_old_faithful
Depths:2: minmay_the_grid_four_pointed_star [minmay_the_grid_triangle_9x9_alien,
          minmay_the_grid_triangle_9x9_impossible_snake,
          minmay_the_grid_triangle_9x9_longest,
          minmay_the_grid_triangle_9x9_subtriangle,
          minmay_the_grid_prize_big_room], layout_basic, abyss_entry,
          rand_demon_pan_entry_1, grunt_hell_entry_dis_mu,
          minmay_misc_feat_cross
Depths:3: kennysheep_spiral_hall, layout_gridville, enter_ziggurat_d,
          minmay_room_of_horrors, skrybe_limestone_x, hell_entry,
          grunt_pan_entry_zigzag, minmay_shoptagon,
          infiniplex_staircase_zigzag_4, firewood_loft
Depths:4: grunt_zot_entry_alcove, layout_basic, grunt_metal_band, serial_rivers,
          chequers_serial_rivers_small_b, chequers_serial_rivers_small_b,
          chequers_serial_rivers_room_b, chequers_serial_rivers_small_b,
          chequers_serial_rivers_large_a, abyss_entry_crystal, minivault_15
Zot:1:    layout_twisted_circle, hangedman_elemental_grid_stream, uniq_josephina
Zot:2:    kennysheep_room_grid, layout_misc_corridors,
          amcnicky_altar_lugonu_corruption, grunt_megastairs_1
Zot:3:    layout_gridville
Zot:4:    gammafunk_sealed_arena, layout_cathedral_of_symmetry, drop_trap
Zot:5:    layout_gridlike

Skill      XL: |  1  2  3  4  5  6  7  8  9 10 11 12 13 14 15 16 17 18 19 20 21 22 23 24 25 26 |
---------------+-------------------------------------------------------------------------------+-----
Unarmed Combat | 3 4 5 6 |  6.4
Fighting       | 3 4 5 6 8 10 11 14 16 17 18 19 20 22 23 | 23.8
Evocations     | 2 3 4 5 7 9 12 14 | 14.0
Dodging        | 3 6 7 9 11 12 13 14 15 18 19 20 23 26 27 | 27.0
Stealth        | 5 7 8 10 | 10.0
Ranged Weapons | 7 10 12 14 | 14.0
Translocations | 2 3 4 |  4.0
Spellcasting   | 1 2 4 11 12 13 | 13.0
Shapeshifting  | 6 7 8 |  8.6
Shields        | 6 12 13 14 15 17 20 21 | 21.1
Transmutations | 3 |  3.0
Earth Magic    | 3 |  3.0

Action                     |  1- 3 |  4- 6 |  7- 9 | 10-12 | 13-15 | 16-18 | 19-21 | 22-24 | 25-27 || total
---------------------------+-------+-------+-------+-------+-------+-------+-------+-------+-------++-------
  Melee: Unarmed           |    64 |    46 |   125 |    16 |       |     8 |       |       |       ||   259
         Constrict         |    13 |    13 |    27 |     3 |       |     1 |       |       |       ||    57
         Tentacles         |    10 |     9 |    23 |     4 |       |     3 |       |       |       ||    49
         Punch             |       |     1 |     5 |     1 |       |     2 |       |       |       ||     9
   Fire: Sling             |       |    58 |   133 |       |       |       |       |       |       ||   191
         Greatsling        |       |       |    49 |   420 |   982 |  1398 |  1469 |  1600 |   891 ||  6809
  Throw: Boomerang         |       |     3 |       |       |       |       |       |       |       ||     3
   Cast: Passwall          |       |       |       |       |       |       |       |       |     3 ||     3
 Invoke: Call Merchant     |       |       |       |     1 |     1 |     3 |       |       |       ||     5
         Bribe Branch      |       |       |       |       |       |       |       |       |     5 ||     5
Ability: Begin Untransform |       |       |       |     1 |       |       |       |       |       ||     1
  Evoke: Wand              |       |     1 |       |       |     4 |       |     3 |     1 |       ||     9
         Condenser vane    |       |       |       |       |     1 |       |     1 |     1 |     3 ||     6
         Lightning rod     |       |       |       |       |       |       |       |       |     4 ||     4
    Use: Scroll            |       |     6 |     4 |     6 |     7 |     7 |     7 |     6 |    11 ||    54
         Potion            |       |       |     4 |       |     1 |     1 |       |     2 |    19 ||    27
   Stab: Sleeping          |    13 |     2 |     1 |       |       |       |       |       |       ||    16
         Distracted        |       |       |     1 |       |       |       |       |       |       ||     1
 Armour: Skin              |    10 |    18 |    10 |     2 |    17 |    37 |     8 |     1 |     3 ||   106
  Dodge: Dodged            |    30 |    46 |   135 |    67 |   116 |   349 |   272 |   249 |   264 ||  1528
  Block: Kite shield       |       |       |       |       |     7 |   396 |   353 |    27 |       ||   783
         Buckler           |       |       |       |       |       |     1 |       |       |       ||     1
         Tower shield      |       |       |       |       |       |       |       |   505 |   490 ||   995
   Form: Beast             |       |       |     1 |     1 |       |     3 |       |     1 |       ||     6
         Blade             |       |       |     1 |       |       |     1 |       |       |       ||     2
         Statue            |       |       |       |       |       |     1 |       |     1 |     1 ||     3
                           |       |       |       |       |       |     1 |       |       |       ||     1
         Anaconda          |       |       |       |       |       |     1 |       |       |       ||     1

Table legend: (Time is in decaauts)
 A = Elapsed time spent in this place.
 B = Non-inter-level travel time spent in this place.
 C = Inter-level travel time spent in this place.
 D = Time resting spent in this place.
 E = Time spent auto-exploring this place.
 F = Levels seen in this place.
 G = Mean time per level.
                   A        B        C        D        E       F      G
               +--------+--------+--------+--------+--------+-----+--------+
         Total |  58740 |  53019 |   5721 |   2634 |  38207 |  52 | 1129.6 |
       Dungeon |  15405 |  13429 |   1976 |    235 |  10451 |  15 | 1027.0 |
        Temple |    112 |    101 |     11 |      0 |     94 |   1 |  112.0 |
          Lair |   5808 |   4835 |    973 |     12 |   3871 |   5 | 1161.6 |
        Shoals |   5278 |   5026 |    252 |      0 |   4198 |   4 | 1319.5 |
   Spider Nest |   5252 |   4976 |    276 |    242 |   3526 |   4 | 1313.0 |
  Orcish Mines |   2535 |   2123 |    412 |    245 |   1125 |   2 | 1267.5 |
   Elven Halls |   4747 |   4364 |    383 |    552 |   3030 |   3 | 1582.3 |
        Vaults |   7671 |   6930 |    741 |     47 |   5358 |   5 | 1534.2 |
        Depths |   4090 |   3845 |    245 |    198 |   2714 |   4 | 1022.5 |
           Zot |   5834 |   5386 |    448 |    802 |   3424 |   5 | 1166.8 |
         Trove |     56 |     56 |      0 |      0 |     25 |   1 |   56.0 |
         Sewer |    253 |    253 |      0 |      0 |    134 |   1 |  253.0 |
      Ice Cave |   1150 |   1150 |      0 |    275 |    107 |   1 | 1150.0 |
      Gauntlet |    543 |    543 |      0 |     25 |    149 |   1 |  543.0 |
               +--------+--------+--------+--------+--------+-----+--------+

Top non-repeatable levels by time:
Shoals:4: 2221 daAuts
   Orc:2: 2132 daAuts
Vaults:4: 2009 daAuts
Spider:3: 1904 daAuts
   Elf:3: 1901 daAuts
   Zot:2: 1885 daAuts
Vaults:5: 1708 daAuts
Spider:4: 1690 daAuts
   Elf:2: 1678 daAuts
    D:14: 1654 daAuts
     D:8: 1607 daAuts
  Lair:1: 1491 daAuts
Vaults:3: 1480 daAuts
   Zot:1: 1423 daAuts
    D:12: 1395 daAuts
